AoeStats
← ChuKoNuUBad

Nomad

509895913Analyzed
2v2 RM · 4d ago on Sep 28, 2026· 27m 8s· 4 players
Game mode
Random Map
Map size
176×176
Population
200
Speed
Normal
Resources
Standard
Victory
Conquest
Starting age
Dark Age
Ending age
Imperial Age
RankedLock teamsTeams togetherTeam positionsShared explorationLock speedFull tech treeHidden civsTurbo modeCheats
Victory
Defeat
🇹🇼 Mongols · Taiwan
1270
+16
🇵🇹 Armenians · Portugal
1219
+20
🇬🇧 Vietnamese · United Kingdom
1279
-18
🇬🇧 Persians · United Kingdom
1277
-18
fox0503
9:39 Loom
11:46 Feudal Age
12:46 Town Watch
12:55 Double-Bit Axe
21:17 Castle Age
24:01 Fletching
26:23 Bodkin Arrow
darkdavixi
5:37 Loom
13:06 Feudal Age
17:23 Castle Age
17:33 Scale Mail Armor
18:26 Man-at-Arms
20:16 Squires
21:09 Gambesons
Nomad until 1300
2:52 Loom
12:04 Feudal Age
12:44 Double-Bit Axe
15:50 Forging
23:34 Castle Age
24:53 Fletching
25:04 Padded Archer Armor
25:55 Elite Skirmisher
ChuKoNuUBad
4:30 Loom
14:47 Feudal Age
15:30 Double-Bit Axe
17:25 Fletching
22:29 Fishing Lines
Connection lost

Rejoining the realm…

Still unreachable

The connection could not be restored.

Session expired

The server has moved on; the page needs a fresh start.